 Dungeon Crawl Stone Soup version 0.27-a0-1181-g5f64966fcc (webtiles) character file.

Game seed: 18037420387885310413

326 tilp the Caller (level 6, -2/48 HPs)
             Began as a Barachi Summoner on May 17, 2021.
             Slain by an ogre
             ... wielding a +0 giant spiked club
              (18 damage)
             ... on level 4 of the Dungeon.
             The game lasted 00:09:46 (8517 turns).

tilp the Caller (Barachi Summoner)                  Turns: 8517, Time: 00:09:47

Health: -2/48      AC:  2    Str: 11    XL:     6   Next: 49%
Magic:  6/9        EV: 13    Int: 16    God:
Gold:   346        SH:  0    Dex: 12    Spells: 3/9 levels left

rFire    . . .     SeeInvis .   a - +2 dagger (elec)
rCold    . . .     Faith    .   (no shield)
rNeg     . . .     Spirit   .   c - +0 robe
rPois    .         Reflect  .   (no helmet)
rElec    .         Harm     .   (no cloak)
rCorr    .         Rampage  .   (no gloves)
Will     .....                  (no boots)
Stlth    ++........             (no amulet)
HPRegen  0.16/turn              (no ring)
MPRegen  0.11/turn              (no ring)

@: slow
A: amphibious, slowness 1, strong legs 1, +LOS
a: Hop


You were on level 4 of the Dungeon.
You visited 1 branch of the dungeon, and saw 4 of its levels.
You also visited: Sewer and Ossuary.

You collected 346 gold pieces.

Inventory:

Hand Weapons
 a - a +2 dagger of electrocution (weapon)
 b - a +1 dagger
Missiles
 d - 12 poisoned darts
Armour
 c - a +0 robe (worn)
 m - a +0 leather armour
Scrolls
 e - a scroll of torment
 f - 2 scrolls of teleportation
Potions
 g - 2 potions of haste
 h - 3 potions of mutation
 i - 6 potions of might
 j - 6 potions of heal wounds
 k - a potion of curing
 l - a potion of brilliance {unknown}
 p - a potion of resistance {unknown}
 q - a potion of degeneration {unknown}
 s - 2 potions of lignification {unknown}


   Skills:
 - Level 4.0 Fighting
 + Level 3.5 Dodging
 - Level 4.0 Stealth
 - Level 2.1 Spellcasting
 - Level 6.0 Summonings


You had 3 spell levels left.
You knew the following spells:

 Your Spells              Type           Power      Damage    Failure   Level
a - Summon Small Mammal   Summ           80%        N/A       1%          1
b - Call Imp              Summ           20%        N/A       2%          2
c - Call Canine Familiar  Summ           20%        N/A       5%          3

Your spell library contained the following spells:

 Spells                   Type           Power      Damage    Failure   Level
 Summon Guardian Golem    Hex/Summ       11%        N/A       19%         3
 Animate Skeleton         Necr           2%         N/A       21%         1
 Apportation              Tloc           2%         N/A       21%         1
 Beastly Appendage        Tmut           2%         N/A       21%         1
 Corona                   Hex            1%         N/A       21%         1
 Foxfire                  Conj/Fire      4%         2x1d4     21%         1
 Wereblood                Tmut           1%         N/A       30%         2
 Conjure Flame            Conj/Fire      1%         6-21      52%         3
 Inner Flame              Hex/Fire       1%         N/A       52%         3
 Spider Form              Tmut/Pois      0%         N/A       52%         3
 Summon Ice Beast         Ice/Summ       11%        N/A       52%         4
 Summon Lightning Spire   Summ/Air       11%        N/A       52%         4
 Ice Form                 Ice/Tmut       1%         N/A       90%         4
 Sticky Flame             Conj/Fire      1%         2d3       90%         4
 Fireball                 Conj/Fire      0%         3d3       99%         5
 Hydra Form               Tmut           0%         N/A       99%         5


Dungeon Overview and Level Annotations

Branches:
Dungeon (4/15)              Sewer (visited)         Ossuary (visited)
 Temple: D:4-7

Altars:
Xom
The Shining One

Annotations:
D:3 3 runed translucent doors, ma3's ghost, amateur KoHu; senseless's ghost, amateur MiDe
D:4 exclusion: ogre


Innate Abilities, Weirdness & Mutations

You are amphibious.
You cover ground slowly.
You can hop short distances.
You have an extended range of vision and can be seen from far away.


Message History

Unknown command.
You hit the necrophage.
Lightning courses through the necrophage!
You destroy the necrophage!
Training target 4.0 for Stealth reached!
Your Stealth skill increases to level 4!
Your hound disappears in a puff of smoke!
Your crimson imp blinks!
Your crimson imp blinks!
Your crimson imp disappears in a puff of smoke!
Magic restored.
You see here a necrophage corpse.
You open the door.
Found a shimmering altar of Xom.
You swap places.
Your white imp disappears in a puff of smoke!
You see here a +0 dagger.
Key pressed, stopping explore.
Partly explored, can't reach some items and places.
Partly explored, can't reach some items and places.
Press: ? - help, . - travel You can't see that place. [a rock wall.]
Press: ? - help, v - describe, . - travel The floor.
Really walk into a travel-excluded area?
The helpless ogre fails to defend itself.
You puncture the ogre! Lightning courses through the ogre!
The ogre is severely wounded.
The ogre misses you.
You hit the ogre.
The ogre is almost dead.
The ogre hits you with a +0 giant spiked club!!
Ouch! That really hurt!
* * * LOW HITPOINT WARNING * * *
Unknown command.
Casting: Call Imp (safe; 2% risk of failure)
Confirm with . or Enter, or press ? or * to list all spells.
The ogre hits you with a +0 giant spiked club!!
You die...

#..#
#..##.....#.#.....#..#
#####.##.#
#####..<###.......
#..#.##$# ##..###
##..##.. #.#.##.#
##...# ##.###. #.##..#
###...## #..##.
#.##### ##.....#
#...## #.# #...h..#
#.#... #.# ####O#(.##
#.#### #.# #@.##..#
#.# #.# ##.##
#.######.#### #.#
##..# #............
#.#########..##
########.###.
#...........## #.# ##
##########.## #.# #.#
#.#### #.# #.#...
#####.############
#...##


You could see an ogre (ally target) and a friendly hound (summoned).

Vanquished Creatures
  A necrophage (D:4)
  2 mummies (Ossuary)
  A worm zombie (D:4)
  2 dart slugs (D:3)
  4 endoplasms
  2 giant cockroaches
  2 gnoll zombies (Ossuary)
  3 hobgoblins
  3 jackals (Sewer)
  3 quokkas
  6 ball pythons
  5 bats
  6 frilled lizards
  7 goblins
  8 kobolds
  A kobold zombie (Ossuary)
  2 rats (D:3)
58 creatures vanquished.

Vanquished Creatures (collateral kills)
  A scorpion (D:4)
  A howler monkey (D:3)
  6 mummies (Ossuary)
  A river rat (D:3)
  7 adders
  3 ball pythons
  An endoplasm (D:1)
  A giant cockroach (D:2)
  A gnoll zombie (Ossuary)
  3 goblins
  2 jackals
  7 kobolds
  2 quokkas
  A frilled lizard (Sewer)
  2 hobgoblin zombies (Ossuary)
  2 orc zombies (Ossuary)
  3 rats
44 creatures vanquished.

Vanquished Creatures (others)
  4 plants (Sewer)
4 creatures vanquished.

Grand Total: 106 creatures vanquished

Notes
Turn   | Place    | Note
-------+----------+-------------------------------------------
     0 | D:1      | tilp the Barachi Summoner began the quest for the Orb.
     0 | D:1      | Reached XP level 1. HP: 13/13 MP: 3/3
   388 | D:1      | Reached skill level 1 in Fighting
   616 | D:1      | Reached XP level 2. HP: 3/22 MP: 3/5
   939 | D:1      | Learned a level 2 spell: Call Imp
  1646 | D:1      | Found a faded altar of an unknown god.
  2307 | D:2      | Reached XP level 3. HP: 26/29 MP: 3/6
  3158 | D:2      | Learned a level 3 spell: Call Canine Familiar
  3392 | D:2      | Reached skill level 5 in Summonings
  3789 | D:3      | Reached XP level 4. HP: 35/37 MP: 7/7
  3891 | D:3      | Found a runed translucent gate.
  3891 | D:3      | Found a runed translucent gate.
  3891 | D:3      | Found a runed translucent gate.
  3891 | D:3      | Noticed ma3's ghost (amateur KoHu)
  3891 | D:3      | Noticed senseless's ghost (amateur MiDe)
  4087 | D:3      | Found a glowing drain.
  4195 | Sewer    | Entered a sewer
  4459 | Sewer    | Reached skill level 6 in Summonings
  4699 | Sewer    | Reached XP level 5. HP: 37/42 MP: 3/8
  6133 | D:4      | Found a sand-covered staircase.
  6153 | Ossuary  | Entered an ossuary
  7243 | D:4      | Found a glowing golden altar of the Shining One.
  7499 | D:4      | Reached XP level 6. HP: 41/48 MP: 3/9
  7567 | D:4      | HP: 2/48 [adder (3)]
  8215 | D:4      | Noticed a necrophage
  8225 | D:4      | Killed a necrophage
  8285 | D:4      | Found a shimmering altar of Xom.
  8517 | D:4      | Slain by an ogre

Illustrated notes

Levels and vault maps discovered:
D:1:      dpeg_arrival_brainrot, layout_basic,
          shapermc_ecumenical_altar_starsandcircs, minmay_liquid_box
D:2:      layout_basic
D:3:      layout_loops_corners, gup_sewer_entry_bowl, gammafunk_ghost_cemetery
D:4:      layout_rooms, marbit_many_paths, nicolae_tso_carved_into_rock,
          lemuel_doored_altar, enter_ossuary_3, kennysheep_windowed_goal

Skill      XL: |  1  2  3  4  5  6 |
---------------+-------------------+-----
Fighting       | 2 3 4 |  4.0
Summonings     | 5 6 |  6.0
Stealth        | 3 4 |  4.0
Dodging        | 3 |  3.5
Spellcasting   | |  2.1

Action                   |  1- 3 |  4- 6 || total
-------------------------+-------+-------++-------
Melee: Dagger            |   163 |   164 ||   327
 Cast: Summon Small Mamm |    15 |       ||    15
       Call Imp          |    15 |    23 ||    38
       Call Canine Famil |       |     8 ||     8
  Use: Scroll            |     5 |     5 ||    10
       Potion            |     1 |     1 ||     2
 Stab: Sleeping          |     1 |     7 ||     8
Armor: Robe              |    61 |    13 ||    74
Dodge: Dodged            |   128 |    95 ||   223

Table legend: (Time is in decaauts)
 A = Elapsed time spent in this place.
 B = Non-inter-level travel time spent in this place.
 C = Inter-level travel time spent in this place.
 D = Time resting spent in this place.
 E = Time spent auto-exploring this place.
 F = Levels seen in this place.
 G = Mean time per level.
                   A        B        C        D        E       F      G
               +--------+--------+--------+--------+--------+-----+--------+
         Total |   9293 |   9009 |    284 |   2247 |   5441 |   6 | 1548.8 |
       Dungeon |   7016 |   6732 |    284 |   1426 |   4312 |   4 | 1754.0 |
         Sewer |   1209 |   1209 |      0 |      0 |   1009 |   1 | 1209.0 |
       Ossuary |   1067 |   1067 |      0 |    821 |    119 |   1 | 1067.0 |
               +--------+--------+--------+--------+--------+-----+--------+

Top non-repeatable levels by time:
     D:1: 2352 daAuts
     D:2: 1707 daAuts
     D:4: 1491 daAuts
     D:3: 1464 daAuts
   Sewer: 1209 daAuts
 Ossuary: 1067 daAuts
